 Dungeon Crawl Stone Soup version 0.31-a0-180-g519b7de00c (webtiles) character file.

Game seed: 5455084202686541838

6931 qw the Fighter (level 11, -1/116 HPs)
             Began as a Naga Hunter on June 19, 2023.
             Slain by a death knight
             ... wielding a +1 broad axe
              (26 damage)
             ... on level 9 of the Dungeon.
             The game lasted 00:03:16 (7367 turns).

qw the Fighter (Naga Hunter)                        Turns: 7367, Time: 00:03:17

Health: -1/116     AC: 11    Str: 17    XL:     11   Next: 7%
Magic:  11/11      EV: 15    Int: 10    God:
Gold:   651        SH:  0    Dex: 15    Spells: 10/10 levels left

rFire   . . .        d - +0 shortbow (heavy)
rCold   . . .        (shield currently unavailable)
rNeg    . . .        l - +1 robe "Quyr" {Archmagi}
rPois   +            p - +0 helmet
rElec   .            (no cloak)
rCorr   .            g - +0 pair of gloves
SInv    +            (no barding)
Will    +....        (no amulet)
Stlth   ++           a - +4 ring of protection
HPRegen 0.39/turn    m - +5 ring of evasion
MPRegen 0.12/turn

%: archmagi
@: about to teleport, very slow
A: AC +3, large, see invisible, deformed body, poison resistance, slowness 2,
spit poison 1, naga tail 1, clumsy 1, strong 1
a: Spit Poison


You were on level 9 of the Dungeon.
You visited 2 branches of the dungeon, and saw 10 of its levels.
You also visited: Sewer and Ossuary.

You collected 651 gold pieces.


Innate Abilities, Weirdness & Mutations

Your serpentine skin is tough. (AC +3)
You have supernaturally acute eyesight. (SInv)
Armour fits poorly on your strangely shaped body.
Your system is resistant to poisons. (rPois)
You cover ground very slowly.
You can spit poison.
You have a snake-like lower body.
You are clumsy. (Dex -2)
Your muscles are strong. (Str +4, Int/Dex -1)


   Skills:
 - Level 12.8 Fighting
 + Level 11.5 Ranged Weapons
 - Level 1.1 Armour
 - Level 3.0 Dodging
 - Level 1.5 Stealth


You had 10 spell levels left.
You didn't know any spells.
Your spell library was empty.

Inventory:

Hand Weapons
 d - a +0 heavy shortbow (weapon)
Armour
 g - a +0 pair of gloves (worn)
 l - the +1 robe "Quyr" (worn) {Archmagi}
   (You found it on level 3 of the Dungeon)

   Archmagi:  It increases the power of your magical spells.
 p - a +0 helmet (worn)
Jewellery
 a - a +4 ring of protection (left hand)
 j - a ring of willpower
 m - a +5 ring of evasion (right hand)
Scrolls
 f - a scroll of teleportation
 i - 5 scrolls of identify
Potions
 b - 3 potions of curing
 c - 3 potions of mutation
 h - 2 potions of enlightenment
 k - 4 potions of might
 n - 4 potions of haste
 o - a potion of resistance

Dungeon Overview and Level Annotations

Branches:
Dungeon (9/15)             Temple (1/1) D:5            Lair (0/5) D:8
  Sewer (visited)         Ossuary (visited)
    Orc: D:9-12

Altars:
Dithmenos
Fedhas
Kikubaaqudgha
Makhleb
Qazlal
Ru
Sif Muna
Trog
Uskayaw
Vehumet
Wu Jian
Xom
Yredelemnul
Zin
The Shining One

Annotations:
D:2 1 runed translucent door, Crazy Yiuf


Message History

The death knight hits you with a +1 broad axe.
You shoot an arrow.
The arrow closely misses the death knight.
The death knight hits you with a +1 broad axe!
You shoot an arrow. The arrow hits the death knight!
The death knight is heavily wounded.
The death knight misses you.
You shoot an arrow.
The arrow barely misses the death knight.
The death knight hits you with a +1 broad axe.
The death knight closely misses you.
You shoot an arrow.
The arrow hits the death knight but does no damage.
The death knight is heavily wounded.
You hear the steady creaking of a very distant portcullis.
You have got your breath back.
The death knight looks more healthy.
The death knight offers itself to Yredelemnul, and fills with unholy energy.
7364 ||| INVOKING Spit Poison.
Aiming: Spit Poison (1% risk of failure)
Press: ? - help, Shift-Dir - straight line, f/p - death knight The splash of poison hits the death knight but does no damage.
The death knight is poisoned.
The death knight is heavily wounded.
The death knight barely misses you.
You shoot an arrow.
The arrow closely misses the death knight.
The death knight reflects your damage back at you!
The death knight hits you with a +1 broad axe!
You shoot an arrow. The arrow hits the death knight!
The death knight is severely wounded.
The death knight reflects your damage back at you!
You have got your breath back.
The death knight misses you.
7367 ||| READING 2 scrolls of teleportation.
As you read the scroll of teleportation, it crumbles to dust.
You feel strangely unstable.
The death knight reflects your damage back at you!
The death knight hits you with a +1 broad axe!!
You die...

#.##.c# ...#########
##C# #.# # #p# #.# #
#.# #.# #######.###.#
.%...>....#.#
#######.#.#.#####
#.p.....<...#
#@###.####..# # #.#
#.####..######
...#.............#
......#..##..####.#
.#...#...##.........
#.##.###.###>..####..
# #.# #.# #...# #..
... # #...# #..
#####...# #.#


You could see a death knight (reflects damage, poisoned).

Vanquished Creatures
  A hornet (D:8)
  4 wyverns
  3 yaks (D:9)
  3 steam dragons
  4 water moccasins
  Pargi (Sewer)
  2 ice beasts (D:6)
  An orc warrior (D:7)
  4 ogres
  A black bear (D:8)
  3 centaurs
  A phantom (D:6)
  A wolf (D:8)
  3 bullfrogs
  6 water moccasin zombies (Ossuary)
  6 scorpions
  6 wights
  A killer bee (D:9)
  5 orc priests
  4 hounds
  2 gnoll boudas (D:6)
  A jelly (D:5)
  A sleepcap (D:6)
  Terence (D:2)
  4 iguanas
  Natasha (thrice) (D:2)
  5 orc wizards
  2 mummies (Ossuary)
  9 adders
  7 gnolls
  A shadow imp (D:8)
  3 white imps
  4 ufetubi
  5 adder zombies (Ossuary)
  A worm (D:2)
  2 dart slugs (D:1)
  24 orcs
  4 bats
  6 endoplasms
  4 giant cockroaches
  2 gnoll zombies (Ossuary)
  9 goblins
  7 hobgoblins
  4 jackals
  5 quokkas
  8 ball pythons
  12 frilled lizards
  2 hobgoblin zombies (Ossuary)
  8 kobolds
  5 kobold zombies (Ossuary)
  10 orc zombies (Ossuary)
  8 rats
229 creatures vanquished.

Notes
Turn   | Place    | Note
-------+----------+-------------------------------------------
     0 | D:1      | qw the Naga Hunter began the quest for the Orb.
     0 | D:1      | Reached XP level 1. HP: 19/19 MP: 1/1
     0 | D:1      | 0 ||| qw: Version: 0.3-a-7-ge0c9b40
     0 | D:1      | 0 ||| qw: Game counter: 896
     0 | D:1      | 0 ||| qw: Always use a shield: true
     0 | D:1      | 0 ||| qw: God list: Okawaru
     0 | D:1      | 0 ||| qw: Allow faded altars: false
     0 | D:1      | 0 ||| qw: Do Orc after D:15 true
     0 | D:1      | 0 ||| qw: Do second Lair branch before Depths: true
     0 | D:1      | 0 ||| qw: Lair rune preference: random
     0 | D:1      | 0 ||| qw: Plans: Normal
     0 | D:1      | 0 ||| PLANNING D:1-11
    76 | D:1      | 76 ||| INVOKING Spit Poison.
    87 | D:1      | 87 ||| INVOKING Spit Poison.
    93 | D:1      | 93 ||| INVOKING Spit Poison.
   165 | D:1      | 165 ||| INVOKING Spit Poison.
   170 | D:1      | Reached XP level 2. HP: 26/26 MP: 2/2
   173 | D:1      | 173 ||| INVOKING Spit Poison.
   176 | D:1      | 176 ||| INVOKING Spit Poison.
   179 | D:1      | 179 ||| INVOKING Spit Poison.
   196 | D:1      | 196 ||| INVOKING Spit Poison.
   203 | D:1      | 203 ||| INVOKING Spit Poison.
   208 | D:1      | 208 ||| Stepping ~*~*~tactically~*~*~ (outnumbered).
   209 | D:1      | 209 ||| INVOKING Spit Poison.
   215 | D:1      | 215 ||| INVOKING Spit Poison.
   267 | D:1      | 267 ||| INVOKING Spit Poison.
   331 | D:1      | 331 ||| INVOKING Spit Poison.
   351 | D:1      | Reached XP level 3. HP: 32/32 MP: 3/3
   487 | D:1      | 487 ||| INVOKING Spit Poison.
   501 | D:1      | 501 ||| INVOKING Spit Poison.
   560 | D:1      | 560 ||| INVOKING Spit Poison.
   576 | D:1      | 576 ||| READING scroll labelled RUXESH BEADADD.
   577 | D:1      | 577 ||| READING 2 scrolls labelled TIATAKK KINNURGH.
   580 | D:1      | 580 ||| READING scroll labelled VEACKO RUUP.
   581 | D:1      | 581 ||| READING 2 scrolls labelled XUDIUC OTIKK.
   582 | D:1      | 582 ||| DROPPING scroll of butterflies.
   656 | D:2      | 656 ||| INVOKING Spit Poison.
   672 | D:2      | 672 ||| INVOKING Spit Poison.
   676 | D:2      | 676 ||| INVOKING Spit Poison.
   724 | D:2      | 724 ||| INVOKING Spit Poison.
   758 | D:2      | 758 ||| INVOKING Spit Poison.
   769 | D:2      | Noticed Natasha
   770 | D:2      | 770 ||| Stepping ~*~*~tactically~*~*~ (outnumbered).
   772 | D:2      | 772 ||| Stepping ~*~*~tactically~*~*~ (outnumbered).
   774 | D:2      | 774 ||| INVOKING Spit Poison.
   775 | D:2      | 775 ||| INVOKING Spit Poison.
   777 | D:2      | Reached XP level 4. HP: 22/39 MP: 4/4
   777 | D:2      | Killed Natasha
   919 | D:2      | 919 ||| INVOKING Spit Poison.
   925 | D:2      | 925 ||| INVOKING Spit Poison.
   929 | D:2      | Noticed Natasha
   932 | D:2      | 932 ||| INVOKING Spit Poison.
   937 | D:2      | 937 ||| INVOKING Spit Poison.
   941 | D:2      | Killed Natasha
   942 | D:2      | Reached skill level 3 in Fighting
  1031 | D:2      | 1031 ||| INVOKING Spit Poison.
  1034 | D:2      | 1034 ||| INVOKING Spit Poison.
  1111 | D:2      | Found a runed translucent door.
  1112 | D:2      | Noticed Crazy Yiuf
  1138 | D:2      | 1138 ||| INVOKING Spit Poison.
  1171 | D:2      | Noticed Natasha
  1174 | D:2      | 1174 ||| INVOKING Spit Poison.
  1175 | D:2      | 1175 ||| Stepping ~*~*~tactically~*~*~ (outnumbered).
  1177 | D:2      | Killed Natasha
  1178 | D:2      | Reached XP level 5. HP: 47/49 MP: 5/5
  1223 | D:2      | Noticed Terence
  1226 | D:2      | 1226 ||| INVOKING Spit Poison.
  1232 | D:2      | 1232 ||| INVOKING Spit Poison.
  1233 | D:2      | Killed Terence
  1301 | D:2      | 1301 ||| INVOKING Spit Poison.
  1319 | D:2      | 1319 ||| INVOKING Spit Poison.
  1323 | D:2      | 1323 ||| INVOKING Spit Poison.
  1367 | D:2      | 1367 ||| INVOKING Spit Poison.
  1403 | D:2      | 1403 ||| INVOKING Spit Poison.
  1463 | D:2      | 1463 ||| INVOKING Spit Poison.
  1508 | D:2      | Found a faded altar of an unknown god.
  1576 | D:2      | 1576 ||| INVOKING Spit Poison.
  1731 | D:2      | 1731 ||| READING scroll labelled YNUENE PICU.
  1732 | D:2      | 1732 ||| READING scroll labelled DAOCRA HUWY.
  1733 | D:2      | 1733 ||| DRINKING 2 coppery potions.
  1734 | D:2      | 1734 ||| READING 2 scrolls of identify.
  1734 | D:2      | 1734 ||| IDENTIFYING sapphire potion
  1735 | D:2      | 1735 ||| DROPPING potion of attraction.
  1774 | D:3      | 1774 ||| PLANNING SEWER
  1775 | D:3      | 1775 ||| INVOKING Spit Poison.
  1781 | D:3      | 1781 ||| INVOKING Spit Poison.
  1806 | D:3      | 1806 ||| INVOKING Spit Poison.
  1810 | D:3      | 1810 ||| INVOKING Spit Poison.
  1828 | D:3      | 1828 ||| INVOKING Spit Poison.
  1936 | D:3      | 1936 ||| INVOKING Spit Poison.
  1969 | D:3      | 1969 ||| INVOKING Spit Poison.
  1973 | D:3      | Identified the +1 robe "Quyr" {Archmagi}
  2007 | D:3      | Found a glowing drain.
  2009 | D:3      | 2009 ||| UPGRADING to +1 robe "Quyr" {Archmagi}.
  2019 | D:3      | 2019 ||| DROPPING +0 leather armour.
  2020 | D:3      | 2020 ||| UPGRADING to +4 ring of protection.
  2021 | D:3      | 2021 ||| DRINKING 2 smoky purple potions.
  2022 | D:3      | 2022 ||| DRINKING 2 purple potions.
  2022 | D:3      | Gained mutation: You occasionally lose the ability to drink
                  | potions when taking damage. [potion of mutation]
  2022 | D:3      | Gained mutation: You have sharp fingernails. [potion of
                  | mutation]
  2023 | D:3      | 2023 ||| DRINKING potion of mutation.
  2023 | D:3      | Lost mutation: You occasionally lose the ability to drink
                  | potions when taking damage. [potion of mutation]
  2023 | D:3      | Lost mutation: You have sharp fingernails. [potion of
                  | mutation]
  2023 | D:3      | Gained mutation: You possess an exceptional clarity of
                  | mind. [potion of mutation]
  2023 | D:3      | Gained mutation: You are clumsy. (Dex -2) [potion of
                  | mutation]
  2023 | D:3      | Lost mutation: You possess an exceptional clarity of mind.
                  | [potion of mutation]
  2023 | D:3      | Gained mutation: Your muscles are strong. (Str +4, Int/Dex
                  | -1) [potion of mutation]
  2024 | D:3      | 2024 ||| DRINKING 2 emerald potions.
  2025 | D:3      | 2025 ||| READING 2 scrolls of identify.
  2025 | D:3      | 2025 ||| IDENTIFYING orange potion
  2026 | D:3      | 2026 ||| DROPPING potion of brilliance.
  2035 | Sewer    | Entered a sewer
  2036 | Sewer    | 2036 ||| INVOKING Spit Poison.
  2042 | Sewer    | 2042 ||| INVOKING Spit Poison.
  2050 | Sewer    | Noticed Pargi
  2051 | Sewer    | 2051 ||| INVOKING Spit Poison.
  2054 | Sewer    | 2054 ||| INVOKING Spit Poison.
  2058 | Sewer    | 2058 ||| INVOKING Spit Poison.
  2058 | Sewer    | Killed Pargi
  2059 | Sewer    | Reached skill level 6 in Ranged Weapons
  2059 | Sewer    | Reached XP level 6. HP: 45/56 MP: 6/6
  2108 | Sewer    | 2108 ||| INVOKING Spit Poison.
  2152 | Sewer    | 2152 ||| INVOKING Spit Poison.
  2167 | Sewer    | 2167 ||| INVOKING Spit Poison.
  2206 | Sewer    | 2206 ||| READING scroll labelled HIT NEPORITUICW.
  2207 | Sewer    | 2207 ||| READING scroll labelled SOIMNE JEIZ.
  2221 | D:3      | 2221 ||| PLANNING D:1-11
  2242 | D:3      | Found a shadowy altar of Dithmenos.
  2252 | D:3      | 2252 ||| INVOKING Spit Poison.
  2255 | D:3      | 2255 ||| INVOKING Spit Poison.
  2321 | D:4      | 2321 ||| INVOKING Spit Poison.
  2325 | D:4      | 2325 ||| STAIRDANCE
  2327 | D:3      | 2327 ||| INVOKING Spit Poison.
  2329 | D:3      | Reached skill level 4 in Fighting
  2331 | D:3      | 2331 ||| INVOKING Spit Poison.
  2400 | D:4      | 2400 ||| INVOKING Spit Poison.
  2432 | D:4      | 2432 ||| INVOKING Spit Poison.
  2453 | D:4      | 2453 ||| INVOKING Spit Poison.
  2455 | D:4      | Reached XP level 7. HP: 64/64 MP: 7/7
  2458 | D:4      | 2458 ||| INVOKING Spit Poison.
  2488 | D:4      | 2488 ||| INVOKING Spit Poison.
  2570 | D:4      | 2570 ||| INVOKING Spit Poison.
  2573 | D:4      | 2573 ||| INVOKING Spit Poison.
  2646 | D:4      | 2646 ||| INVOKING Spit Poison.
  2824 | D:4      | 2824 ||| INVOKING Spit Poison.
  3041 | D:4      | 3041 ||| UPGRADING to +0 helmet.
  3046 | D:4      | 3046 ||| UPGRADING to +5 ring of evasion.
  3047 | D:4      | 3047 ||| READING scroll labelled KANUOSHR YFIF.
  3048 | D:4      | 3048 ||| READING scroll labelled LURIEN UNNA.
  3049 | D:4      | 3049 ||| DRINKING 2 amethyst potions.
  3089 | D:4      | 3089 ||| READING 2 scrolls of identify.
  3089 | D:4      | 3089 ||| IDENTIFYING bubbling clear potion
  3090 | D:4      | 3090 ||| DROPPING potion of magic.
  3091 | D:4      | 3091 ||| DROPPING potion of lignification.
  3123 | D:5      | Entered Level 5 of the Dungeon
  3124 | D:5      | 3124 ||| PLANNING OSSUARY
  3136 | D:5      | 3136 ||| INVOKING Spit Poison.
  3230 | D:5      | 3230 ||| INVOKING Spit Poison.
  3235 | D:5      | Reached XP level 8. HP: 72/72 MP: 8/8
  3237 | D:5      | 3237 ||| INVOKING Spit Poison.
  3240 | D:5      | 3240 ||| INVOKING Spit Poison.
  3382 | D:5      | 3382 ||| INVOKING Spit Poison.
  3394 | D:5      | 3394 ||| INVOKING Spit Poison.
  3498 | D:5      | Found a staircase to the Ecumenical Temple.
  3518 | D:5      | 3518 ||| INVOKING Spit Poison.
  3521 | D:5      | 3521 ||| INVOKING Spit Poison.
  3537 | D:5      | Found a sand-covered staircase.
  3539 | D:5      | 3539 ||| DRINKING 2 black potions.
  3549 | Ossuary  | Entered an ossuary
  3553 | Ossuary  | Reached skill level 5 in Fighting
  3739 | Ossuary  | Reached skill level 9 in Ranged Weapons
  3822 | Ossuary  | 3822 ||| READING scroll labelled HYIC NAOVA.
  3923 | Ossuary  | 3923 ||| DRINKING 2 smoky orange potions.
  3924 | Ossuary  | 3924 ||| DRINKING 2 metallic white potions.
  3925 | Ossuary  | 3925 ||| READING 3 scrolls of identify.
  3925 | Ossuary  | 3925 ||| IDENTIFYING blue potion
  3926 | Ossuary  | 3926 ||| DRINKING potion of experience.
  3926 | Ossuary  | Reached skill level 12 in Fighting
  3926 | Ossuary  | Reached XP level 9. HP: 100/100 MP: 9/9
  3927 | Ossuary  | 3927 ||| DROPPING potion of degeneration.
  3933 | D:5      | 3933 ||| PLANNING TEMPLE
  3959 | Temple   | Entered the Ecumenical Temple
  3959 | Temple   | Found a transporter.
  3959 | Temple   | Found a transporter.
  3961 | Temple   | Found a transporter.
  3961 | Temple   | Found a transporter.
  3971 | Temple   | 3971 ||| PLANNING D:1-11
  4091 | D:5      | 4091 ||| INVOKING Spit Poison.
  4095 | D:5      | 4095 ||| INVOKING Spit Poison.
  4098 | D:5      | 4098 ||| INVOKING Spit Poison.
  4115 | D:5      | Found a glowing silver altar of Zin.
  4115 | D:5      | Found a blossoming altar of Fedhas.
  4171 | D:5      | 4171 ||| READING 2 scrolls of identify.
  4171 | D:5      | 4171 ||| IDENTIFYING inky potion
  4172 | D:5      | 4172 ||| DROPPING potion of berserk rage.
  4202 | D:6      | 4202 ||| INVOKING Spit Poison.
  4244 | D:6      | 4244 ||| Stepping ~*~*~tactically~*~*~ (outnumbered).
  4246 | D:6      | 4246 ||| INVOKING Spit Poison.
  4253 | D:6      | 4253 ||| INVOKING Spit Poison.
  4257 | D:6      | 4257 ||| INVOKING Spit Poison.
  4261 | D:6      | 4261 ||| INVOKING Spit Poison.
  4311 | D:6      | 4311 ||| INVOKING Spit Poison.
  4315 | D:6      | 4315 ||| INVOKING Spit Poison.
  4324 | D:6      | 4324 ||| INVOKING Spit Poison.
  4327 | D:6      | 4327 ||| INVOKING Spit Poison.
  4405 | D:6      | 4405 ||| INVOKING Spit Poison.
  4437 | D:6      | 4437 ||| INVOKING Spit Poison.
  4444 | D:6      | Reached XP level 10. HP: 105/109 MP: 10/10
  4445 | D:6      | 4445 ||| INVOKING Spit Poison.
  4457 | D:6      | 4457 ||| INVOKING Spit Poison.
  4537 | D:6      | 4537 ||| INVOKING Spit Poison.
  4541 | D:6      | 4541 ||| INVOKING Spit Poison.
  4546 | D:6      | 4546 ||| INVOKING Spit Poison.
  4551 | D:6      | 4551 ||| INVOKING Spit Poison.
  4556 | D:6      | 4556 ||| INVOKING Spit Poison.
  4589 | D:6      | 4589 ||| INVOKING Spit Poison.
  4592 | D:6      | 4592 ||| INVOKING Spit Poison.
  4609 | D:6      | 4609 ||| INVOKING Spit Poison.
  4615 | D:6      | 4615 ||| INVOKING Spit Poison.
  4681 | D:6      | 4681 ||| INVOKING Spit Poison.
  4685 | D:6      | 4685 ||| INVOKING Spit Poison.
  4689 | D:6      | 4689 ||| INVOKING Spit Poison.
  4749 | D:6      | 4749 ||| INVOKING Spit Poison.
  4755 | D:6      | 4755 ||| INVOKING Spit Poison.
  4770 | D:6      | 4770 ||| Stepping ~*~*~tactically~*~*~ (outnumbered).
  4772 | D:6      | 4772 ||| INVOKING Spit Poison.
  4776 | D:6      | 4776 ||| INVOKING Spit Poison.
  4780 | D:6      | Reached skill level 3 in Dodging
  4780 | D:6      | 4780 ||| INVOKING Spit Poison.
  4825 | D:6      | 4825 ||| READING scroll labelled GOQU FYTOEFFIS.
  4826 | D:6      | 4826 ||| READING 4 scrolls of identify.
  4826 | D:6      | 4826 ||| IDENTIFYING red potion
  4827 | D:6      | 4827 ||| READING 3 scrolls of identify.
  4827 | D:6      | 4827 ||| IDENTIFYING viscous silvery potion
  4828 | D:6      | 4828 ||| DROPPING potion of ambrosia.
  4871 | D:7      | 4871 ||| INVOKING Spit Poison.
  4877 | D:7      | 4877 ||| INVOKING Spit Poison.
  4880 | D:7      | 4880 ||| INVOKING Spit Poison.
  4883 | D:7      | 4883 ||| INVOKING Spit Poison.
  5406 | D:7      | 5406 ||| INVOKING Spit Poison.
  5410 | D:7      | 5410 ||| INVOKING Spit Poison.
  5414 | D:7      | 5414 ||| INVOKING Spit Poison.
  5418 | D:7      | 5418 ||| INVOKING Spit Poison.
  5421 | D:7      | 5421 ||| INVOKING Spit Poison.
  5427 | D:7      | 5427 ||| INVOKING Spit Poison.
  5432 | D:7      | 5432 ||| INVOKING Spit Poison.
  5438 | D:7      | 5438 ||| INVOKING Spit Poison.
  5442 | D:7      | 5442 ||| INVOKING Spit Poison.
  5654 | D:7      | 5654 ||| INVOKING Spit Poison.
  5777 | D:7      | 5777 ||| UPGRADING to +0 pair of gloves.
  5835 | D:8      | 5835 ||| INVOKING Spit Poison.
  5840 | D:8      | 5840 ||| INVOKING Spit Poison.
  5841 | D:8      | 5841 ||| STAIRDANCE
  5843 | D:7      | 5843 ||| INVOKING Spit Poison.
  5846 | D:7      | 5846 ||| INVOKING Spit Poison.
  5850 | D:7      | 5850 ||| INVOKING Spit Poison.
  5854 | D:7      | 5854 ||| INVOKING Spit Poison.
  5855 | D:7      | HP: 25/101 [wolf (9)]
  5856 | D:7      | 5856 ||| READING 5 scrolls of teleportation.
  5857 | D:7      | 5857 ||| DRINKING 4 potions of heal wounds.
  5859 | D:7      | 5859 ||| DRINKING 3 potions of heal wounds.
  6026 | D:7      | 6026 ||| INVOKING Spit Poison.
  6047 | D:7      | Reached skill level 1 in Armour
  6235 | D:8      | 6235 ||| INVOKING Spit Poison.
  6260 | D:8      | Found a staircase to the Lair.
  6292 | D:8      | 6292 ||| INVOKING Spit Poison.
  6385 | D:8      | Found a sacrificial altar of Ru.
  6404 | D:8      | 6404 ||| INVOKING Spit Poison.
  6407 | D:8      | 6407 ||| INVOKING Spit Poison.
  6423 | D:8      | 6423 ||| INVOKING Spit Poison.
  6427 | D:8      | 6427 ||| INVOKING Spit Poison.
  6432 | D:8      | 6432 ||| INVOKING Spit Poison.
  6601 | D:8      | 6601 ||| Stepping ~*~*~tactically~*~*~ (cloud).
  6603 | D:8      | 6603 ||| INVOKING Spit Poison.
  6606 | D:8      | 6606 ||| INVOKING Spit Poison.
  6608 | D:8      | 6608 ||| Stepping ~*~*~tactically~*~*~ (cloud).
  6610 | D:8      | 6610 ||| Stepping ~*~*~tactically~*~*~ (cloud).
  6730 | D:8      | 6730 ||| INVOKING Spit Poison.
  6735 | D:8      | 6735 ||| INVOKING Spit Poison.
  6770 | D:8      | 6770 ||| INVOKING Spit Poison.
  6771 | D:8      | 6771 ||| Stepping ~*~*~tactically~*~*~ (cloud).
  6775 | D:8      | 6775 ||| INVOKING Spit Poison.
  7031 | D:8      | 7031 ||| INVOKING Spit Poison.
  7143 | D:9      | 7143 ||| INVOKING Spit Poison.
  7148 | D:9      | Reached XP level 11. HP: 116/116 MP: 11/11
  7148 | D:9      | 7148 ||| INVOKING Spit Poison.
  7152 | D:9      | 7152 ||| INVOKING Spit Poison.
  7158 | D:9      | 7158 ||| INVOKING Spit Poison.
  7237 | D:9      | 7237 ||| INVOKING Spit Poison.
  7240 | D:9      | 7240 ||| INVOKING Spit Poison.
  7328 | D:9      | Noticed a death knight
  7329 | D:9      | 7329 ||| INVOKING Spit Poison.
  7330 | D:9      | Noticed a cyclops
  7332 | D:9      | Noticed a centaur warrior
  7334 | D:9      | 7334 ||| INVOKING Spit Poison.
  7335 | D:9      | HP: 28/116 [mirror damage (10)]
  7336 | D:9      | 7336 ||| READING 4 scrolls of teleportation.
  7337 | D:9      | 7337 ||| DRINKING 2 potions of heal wounds.
  7341 | D:9      | 7341 ||| INVOKING Spit Poison.
  7344 | D:9      | HP: 27/116 [death knight/+1 broad axe (13)]
  7345 | D:9      | 7345 ||| READING 3 scrolls of teleportation.
  7346 | D:9      | 7346 ||| DRINKING potion of heal wounds.
  7347 | D:9      | 7347 ||| INVOKING Spit Poison.
  7358 | D:9      | 7358 ||| INVOKING Spit Poison.
  7364 | D:9      | 7364 ||| INVOKING Spit Poison.
  7366 | D:9      | HP: 25/116 [mirror damage (11)]
  7367 | D:9      | 7367 ||| READING 2 scrolls of teleportation.
  7367 | D:9      | Slain by a death knight

Levels and vault maps discovered:
D:1:      dpeg_arrival_three_bigger_balls, layout_basic, st_stairs_8
D:2:      layout_loops_ring, shapermc_ecumenical_altar_petra, uniq_terence,
          uniq_natasha, uniq_crazy_yiuf_cottage
D:3:      layout_rooms, lemuel_round_altar, portal_sewer_entry_b
D:4:      layout_basic
D:5:      layout_loops_cross, grunt_temple_overflow_open,
          minmay_temple_entry_antechambers, nicolae_ossuary_entry_monument
D:6:      layout_rooms, minmay_joined_circles
D:7:      layout_loops_ring
D:8:      layout_cave_pods, nicolae_ru_sacrificial_ziggurat,
          minmay_lair_entry_grove, minmay_curled_crystal
D:9:      minmay_cornered_nines, layout_loops_ring,
          nicolae_overflow_crystal_walls, chequers_temple_overflow_minitemple,
          enter_bailey_5
Temple:   hellmonk_temple_divided_pantheon

Skill      XL: |  1  2  3  4  5  6  7  8  9 10 |
---------------+-------------------------------+-----
Ranged Weapons | 4 5 6 7 9 11 | 11.5
Fighting       | 3 4 12 | 12.8
Dodging        | 2 3 |  3.0
Armour         | 1 |  1.1
Stealth        | |  1.5

Action                     |  1- 3 |  4- 6 |  7- 9 | 10-12 || total
---------------------------+-------+-------+-------+-------++-------
   Fire: Shortbow          |    60 |    94 |   193 |   255 ||   602
Ability: Spit Poison       |    22 |    40 |    28 |    66 ||   156
    Use: Scroll            |     4 |     6 |     6 |     7 ||    23
         Potion            |       |     5 |     5 |     4 ||    14
 Armour: Leather armour    |     3 |     3 |       |       ||     6
         Robe              |       |    16 |    43 |   110 ||   169
  Dodge: Dodged            |    20 |    28 |   113 |   297 ||   458

Table legend:
 A = Non-vault XP
 B = Vault XP
 C = Vault XP percentage of total XP
 D = Non-vault monster count
 E = Vault monster count
 F = Vault count percentage of total count
                 A         B        C        D         E       F
            +---------+---------+-------+---------+---------+-------
      Total |    5023 |    2923 |  36.8 |     163 |      66 |  28.8
            +---------+---------+-------+---------+---------+-------
        D:1 |      47 |       1 |   2.1 |      27 |       1 |   3.6
        D:2 |     125 |      73 |  36.9 |      20 |       2 |   9.1
        D:3 |     179 |       6 |   3.2 |      21 |       4 |  16.0
        D:4 |     430 |       0 |   0.0 |      16 |       0 |   0.0
        D:5 |     494 |       0 |   0.0 |      12 |       0 |   0.0
        D:6 |    1088 |     466 |  30.0 |      28 |       8 |  22.2
        D:7 |     959 |     357 |  27.1 |      24 |       2 |   7.7
        D:8 |     975 |    1314 |  57.4 |       8 |       8 |  50.0
        D:9 |     726 |       0 |   0.0 |       7 |       0 |   0.0
      Sewer |       0 |     144 | 100.0 |       0 |       9 | 100.0
    Ossuary |       0 |     562 | 100.0 |       0 |      32 | 100.0
            +---------+---------+-------+---------+---------+-------
